| TOP OF THE 1ST |
|
Omaha Storm Chasers batting - Pitching for Charlotte Knights : RHP Yee Li
|
|
Pitching: RHP Yee Li
|
|
|
Batting: LHB Ricardo Pagan
|
0-0: Ball 1-0: Ground out 5-3 (Groundball, 56S, EV 74.4 MPH)
|
|
Batting: RHB Bob Najar
|
0-0: Called Strike 0-1: Ball 1-1: Ball 2-1: SINGLE (Groundball, 6MD, EV 103.8 MPH)
|
|
Batting: LHB Bill Baconneck
|
0-0: Ball 1-0: Grounds into double play, 3-6-3 (Groundball, 3, EV 100.0 MPH)
|
| Top of the 1st over - 0 runs, 1 hit, 0 errors, 0 left on base; Omaha 0 - Charlotte 0 |
| BOTTOM OF THE 1ST |
|
Charlotte Knights batting - Pitching for Omaha Storm Chasers : RHP Dan Dill
|
|
Pitching: RHP Dan Dill
|
|
|
Batting: RHB Jake Savell
|
0-0: Foul Ball, location: 2F 0-1: Foul Ball, location: 2F 0-2: Fly out, F4 (Flyball, 34D, EV 87.5 MPH)
|
|
Batting: LHB Sonny Flood
|
0-0: Ball 1-0: Called Strike 1-1: Foul Ball, location: 2F 1-2: Ball 2-2: Ball 3-2: Base on Balls
|
|
Batting: LHB Jorge Rosales
|
0-0: Ball 1-0: Foul Ball, location: 2F 1-1: Called Strike 1-2: Ball 2-2: SINGLE (Groundball, 34D, EV 105.0 MPH) Sonny Flood to second Sonny Flood to third
|
|
Batting: LHB Jake Goddard
|
0-0: Ball 1-0: Fly out, F9 (Flyball, 89S, EV 80.6 MPH)
|
|
Batting: RHB Will Washburn
|
0-0: Called Strike 0-1: Ball 1-1: Foul Ball, location: 2F 1-2: Ball 2-2: Foul Ball, location: 2F 2-2: Strikes out swinging
|
| Bottom of the 1st over - 0 runs, 1 hit, 0 errors, 2 left on base; Omaha 0 - Charlotte 0 |
| TOP OF THE 2ND |
|
Omaha Storm Chasers batting - Pitching for Charlotte Knights : RHP Yee Li
|
|
Batting: LHB Roman Downey
|
0-0: Ball 1-0: Called Strike 1-1: Foul Ball, location: 2F 1-2: Ball 2-2: Strikes out swinging
|
|
Batting: RHB Mikolas Markus
|
0-0: Called Strike 0-1: Fly out, F7 (Line Drive, 78S, EV 91.3 MPH)
|
|
Batting: RHB Eric Sandell
|
0-0: Foul Ball, location: 2F 0-1: Ball 1-1: Ball 2-1: Called Strike 2-2: Strikes out looking
|
| Top of the 2nd over - 0 runs, 0 hits, 0 errors, 0 left on base; Omaha 0 - Charlotte 0 |
| BOTTOM OF THE 2ND |
|
Charlotte Knights batting - Pitching for Omaha Storm Chasers : RHP Dan Dill
|
|
Batting: RHB Erik Christensen
|
0-0: Called Strike 0-1: Ball 1-1: Ball 2-1: Ball 3-1: Fly out, F4 (Popup, 34S, EV 85.0 MPH)
|
|
Batting: RHB Nick Richardson
|
0-0: Ball 1-0: Fly out, F7 (Line Drive, 7D, EV 104.4 MPH)
|
|
Batting: RHB Harvey Harvey
|
0-0: Foul Ball, location: 2F 0-1: Ball 1-1: Ball 2-1: Ball 3-1: Foul Ball, location: 2F 3-2: Foul Ball, location: 2F 3-2: Base on Balls
|
|
Batting: RHB Justin Harris
|
0-0: Ball Harvey Harvey is caught stealing 2nd base 2-4
|
| Bottom of the 2nd over - 0 runs, 0 hits, 0 errors, 0 left on base; Omaha 0 - Charlotte 0 |
| TOP OF THE 3RD |
|
Omaha Storm Chasers batting - Pitching for Charlotte Knights : RHP Yee Li
|
|
Batting: RHB Nick Ogle
|
0-0: Called Strike 0-1: Ball 1-1: Ground out 4-3 (Groundball, 4, EV 107.5 MPH)
|
|
Batting: RHB Yuichi Takata
|
0-0: Foul Ball, location: 2F 0-1: Swinging Strike 0-2: Foul Ball, location: 2F 0-2: DOUBLE (Line Drive, 7LM, EV 105.6 MPH)
|
|
Batting: RHB Jerry Castillo
|
0-0: Foul Ball, location: 2F 0-1: Called Strike 0-2: Ball 1-2: Fly out, F9 (Flyball, 9, EV 84.4 MPH)
|
|
Batting: LHB Ricardo Pagan
|
0-0: Ground out 4-3 (Groundball, 4, EV 83.1 MPH)
|
| Top of the 3rd over - 0 runs, 1 hit, 0 errors, 1 left on base; Omaha 0 - Charlotte 0 |
| BOTTOM OF THE 3RD |
|
Charlotte Knights batting - Pitching for Omaha Storm Chasers : RHP Dan Dill
|
|
Batting: RHB Justin Harris
|
0-0: Called Strike 0-1: Foul Ball, location: 2F 0-2: Strikes out looking
|
|
Batting: RHB Jake Savell
|
0-0: Ball 1-0: Called Strike 1-1: Ball 2-1: Ground out U3 (Groundball, 34S, EV 83.8 MPH)
|
|
Batting: LHB Sonny Flood
|
0-0: Ball 1-0: Ball 2-0: Ball 3-0: Called Strike 3-1: Base on Balls
|
|
Batting: LHB Jorge Rosales
|
0-0: Ball Sonny Flood is caught stealing 2nd base 2-6
|
| Bottom of the 3rd over - 0 runs, 0 hits, 0 errors, 0 left on base; Omaha 0 - Charlotte 0 |
| TOP OF THE 4TH |
|
Omaha Storm Chasers batting - Pitching for Charlotte Knights : RHP Yee Li
|
|
Batting: RHB Bob Najar
|
0-0: SINGLE (Line Drive, 78S, EV 105.6 MPH)
|
|
Batting: LHB Bill Baconneck
|
0-0: Ball 1-0: Ball 2-0: Called Strike 2-1: Foul Ball, location: 2F 2-2: Foul Ball, location: 2F 2-2: Foul Ball, location: 2F 2-2: Fly out, F8 (Flyball, 89M, EV 76.9 MPH)
|
|
Batting: LHB Roman Downey
|
0-0: Ball 1-0: Foul Ball, location: 2F 1-1: Called Strike Bob Najar steals 2nd base (no throw) 1-2: SINGLE (Groundball, 6D, EV 98.8 MPH) Bob Najar to third
|
|
Batting: RHB Mikolas Markus
|
0-0: Ball 1-0: Called Strike 1-1: Swinging Strike 1-2: Strikes out looking
|
|
Batting: RHB Eric Sandell
|
0-0: Ball 1-0: Ball 2-0: Called Strike 2-1: Swinging Strike 2-2: Foul Ball, location: 2F 2-2: Strikes out swinging
|
| Top of the 4th over - 0 runs, 2 hits, 0 errors, 2 left on base; Omaha 0 - Charlotte 0 |
| BOTTOM OF THE 4TH |
|
Charlotte Knights batting - Pitching for Omaha Storm Chasers : RHP Dan Dill
|
|
Batting: LHB Jorge Rosales
|
0-0: Ball 1-0: Called Strike 1-1: Ball 2-1: Called Strike 2-2: Fly out, F5 (Popup, 6, EV 63.8 MPH)
|
|
Batting: LHB Jake Goddard
|
0-0: Called Strike 0-1: Ball 1-1: Called Strike 1-2: Foul Ball, location: 2F 1-2: Ball 2-2: Ball 3-2: Base on Balls
|
|
Batting: RHB Will Washburn
|
0-0: Hit by Pitch Jake Goddard to second
|
|
Batting: RHB Erik Christensen
|
0-0: Ball 1-0: Called Strike 1-1: Swinging Strike 1-2: SINGLE (Groundball, 4MD, EV 100.0 MPH) Jake Goddard to third Will Washburn to second
|
|
Batting: RHB Nick Richardson
|
0-0: Ball 1-0: Foul Ball, location: 2F 1-1: Ball 2-1: Ball 3-1: Base on Balls Jake Goddard scores Will Washburn to third Erik Christensen to second
|
|
Batting: RHB Harvey Harvey
|
0-0: Called Strike 0-1: Ball 1-1: Called Strike 1-2: Foul Ball, location: 2F 1-2: Fielders Choice at 2nd, 6-4 (Groundball, 6, EV 102.5 MPH) Will Washburn scores Erik Christensen to third
|
|
Pitching: RHP Sergio Quinones
|
|
|
Batting: RHB Justin Harris
|
0-0: Swinging Strike 0-1: Foul Ball, location: 2F 0-2: Ball 1-2: Strikes out swinging
|
| Bottom of the 4th over - 2 runs, 1 hit, 0 errors, 2 left on base; Omaha 0 - Charlotte 2 |
| TOP OF THE 5TH |
|
Omaha Storm Chasers batting - Pitching for Charlotte Knights : RHP Yee Li
|
|
Batting: RHB Nick Ogle
|
0-0: Ball 1-0: Foul Ball, location: 2F 1-1: Ball 2-1: Ground out 6-3 (Groundball, 6, EV 101.9 MPH)
|
|
Batting: RHB Yuichi Takata
|
0-0: Ball 1-0: Ball 2-0: Foul Ball, location: 2F 2-1: Swinging Strike 2-2: Foul Ball, location: 2F 2-2: Foul Ball, location: 2F 2-2: Foul Ball, location: 2F 2-2: Ball 3-2: DOUBLE (Line Drive, 7LM, EV 104.4 MPH)
|
|
Batting: RHB Jerry Castillo
|
0-0: Called Strike 0-1: Ball 1-1: Fly out, F4 (Popup, 6MD, EV 61.9 MPH)
|
|
Batting: LHB Ricardo Pagan
|
0-0: Called Strike 0-1: SINGLE (Groundball, 4S, EV 94.4 MPH) Yuichi Takata to third Runner from 3rd tries for Home, throw by CF and OUT! 8-2
|
| Top of the 5th over - 0 runs, 2 hits, 0 errors, 1 left on base; Omaha 0 - Charlotte 2 |
| BOTTOM OF THE 5TH |
|
Charlotte Knights batting - Pitching for Omaha Storm Chasers : RHP Sergio Quinones
|
|
Batting: RHB Jake Savell
|
0-0: Ball 1-0: Foul Ball, location: 2F 1-1: Swinging Strike 1-2: Strikes out swinging, 2-3 out at first.
|
|
Batting: LHB Sonny Flood
|
0-0: Called Strike 0-1: Called Strike 0-2: Strikes out swinging
|
|
Batting: LHB Jorge Rosales
|
0-0: Swinging Strike 0-1: Foul Ball, location: 2F 0-2: Ball 1-2: Ground out 4-3 (Groundball, 4S, EV 84.4 MPH)
|
| Bottom of the 5th over - 0 runs, 0 hits, 0 errors, 0 left on base; Omaha 0 - Charlotte 2 |
| TOP OF THE 6TH |
|
Omaha Storm Chasers batting - Pitching for Charlotte Knights : RHP Yee Li
|
|
Batting: RHB Bob Najar
|
0-0: Called Strike 0-1: Ball 1-1: SINGLE (Line Drive, 7S, EV 100.6 MPH)
|
|
Batting: LHB Bill Baconneck
|
0-0: Called Strike 0-1: Ball 1-1: Ball 2-1: Foul Ball, location: 2F 2-2: Fly out, F7 (Flyball, 7S, EV 83.1 MPH)
|
|
Batting: LHB Roman Downey
|
0-0: Called Strike 0-1: Ball 1-1: Ball 2-1: Called Strike 2-2: Foul Ball, location: 2F 2-2: Strikes out swinging Bob Najar steals 2nd, throwing error, E2 Bob Najar to third
|
|
Batting: RHB Mikolas Markus
|
0-0: Foul Ball, location: 2F 0-1: Swinging Strike 0-2: Foul Ball, location: 2F 0-2: Ball 1-2: Foul Ball, location: 2F 1-2: Foul Ball, location: 2F 1-2: Ball 2-2: Ball 3-2: Foul Ball, location: 2F 3-2: Foul Ball, location: 2F 3-2: SINGLE (Groundball, 34S, EV 69.4 MPH) (infield hit) Bob Najar scores
|
|
Batting: RHB Eric Sandell
|
0-0: Fielders Choice at 2nd, 6-4 (Groundball, 6, EV 85.0 MPH)
|
| Top of the 6th over - 1 run, 2 hits, 1 error, 1 left on base; Omaha 1 - Charlotte 2 |
| BOTTOM OF THE 6TH |
|
Charlotte Knights batting - Pitching for Omaha Storm Chasers : RHP Sergio Quinones
|
|
Batting: LHB Jake Goddard
|
0-0: Ball 1-0: Ball 2-0: Foul Ball, location: 2F 2-1: Foul Ball, location: 2F 2-2: Ground out 6-3 (Groundball, 4, EV 105.0 MPH)
|
|
Batting: RHB Will Washburn
|
0-0: Called Strike 0-1: Ground out 1-3 (Groundball, 13S, EV 68.8 MPH)
|
|
Batting: RHB Erik Christensen
|
0-0: Hit by Pitch
|
|
Batting: RHB Nick Richardson
|
0-0: Swinging Strike 0-1: Swinging Strike 0-2: Strikes out looking
|
| Bottom of the 6th over - 0 runs, 0 hits, 0 errors, 1 left on base; Omaha 1 - Charlotte 2 |
| TOP OF THE 7TH |
|
Omaha Storm Chasers batting - Pitching for Charlotte Knights : RHP Yee Li
|
|
Batting: RHB Nick Ogle
|
0-0: Foul Ball, location: 2F 0-1: Fly out, F9 (Flyball, 9, EV 78.8 MPH)
|
|
Pinch Hitting: LHB Justin Rupert
|
0-0: Ball 1-0: Ball 2-0: Ground out 6-3 (Groundball, 4M, EV 91.3 MPH)
|
|
Pinch Hitting: LHB Frank Hill
|
0-0: Ball 1-0: Called Strike 1-1: Called Strike 1-2: Fly out, F8 (Flyball, 8RD, EV 88.8 MPH)
|
| Top of the 7th over - 0 runs, 0 hits, 0 errors, 0 left on base; Omaha 1 - Charlotte 2 |
| BOTTOM OF THE 7TH |
|
Charlotte Knights batting - Pitching for Omaha Storm Chasers : RHP Sergio Quinones
|
|
Pitching: RHP Joe Jordahl
|
|
|
Now at 2B: Jaden Warrior
|
|
|
Now at SS: Kunimatsu Oya
|
|
|
Batting: RHB Harvey Harvey
|
0-0: Ball 1-0: Ball 2-0: Called Strike 2-1: Swinging Strike 2-2: Ball 3-2: Strikes out looking
|
|
Batting: RHB Justin Harris
|
0-0: Ball 1-0: Ball 2-0: Called Strike 2-1: Swinging Strike 2-2: Foul Ball, location: 2F 2-2: Ball 3-2: Foul Ball, location: 2F 3-2: Strikes out looking
|
|
Batting: RHB Jake Savell
|
0-0: Ball 1-0: Ball 2-0: Called Strike 2-1: Ball 3-1: Ground out 5-3 (Groundball, 56, EV 86.3 MPH)
|
| Bottom of the 7th over - 0 runs, 0 hits, 0 errors, 0 left on base; Omaha 1 - Charlotte 2 |
| TOP OF THE 8TH |
|
Omaha Storm Chasers batting - Pitching for Charlotte Knights : RHP Yee Li
|
|
Pitching: RHP Jon Huizenga
|
|
|
Batting: LHB Ricardo Pagan
|
0-0: Ball 1-0: Fly out, F3 (Line Drive, 3, EV 73.1 MPH)
|
|
Pinch Hitting: SHB Gil Switzer
|
0-0: SINGLE (Flyball, 7S, EV 100.0 MPH)
|
|
Batting: LHB Bill Baconneck
|
0-0: Foul Ball, location: 2F 0-1: Ball 1-1: Called Strike 1-2: Ball 2-2: Fly out, F5 (Popup, 5SF, EV 78.1 MPH)
|
|
Batting: LHB Roman Downey
|
0-0: Ball 1-0: Called Strike 1-1: Ball 2-1: Ball 3-1: Swinging Strike 3-2: Foul Ball, location: 2F 3-2: Strikes out swinging
|
| Top of the 8th over - 0 runs, 1 hit, 0 errors, 1 left on base; Omaha 1 - Charlotte 2 |
| BOTTOM OF THE 8TH |
|
Charlotte Knights batting - Pitching for Omaha Storm Chasers : RHP Joe Jordahl
|
|
Pitching: LHP Chris Eaker
|
|
|
Now in CF: Gil Switzer
|
|
|
Batting: LHB Sonny Flood
|
0-0: DOUBLE (Line Drive, 9LD, EV 105.0 MPH)
|
|
Batting: RHB Jeff Brower
|
0-0: Called Strike 0-1: Swinging Strike 0-2: Foul Ball, location: 2F 0-2: Ball 1-2: Ball 2-2: Ball 3-2: Fly out, F4 (Popup, 34S, EV 81.9 MPH)
|
|
Pinch Hitting: RHB Darwin Mills
|
0-0: Fly out, F4 (Flyball, 4D, EV 88.1 MPH)
|
|
Batting: RHB Will Washburn
|
0-0: Swinging Strike 0-1: Called Strike 0-2: Ball 1-2: SINGLE (Line Drive, 9LM, EV 105.0 MPH) Sonny Flood to third Runner from 3rd tries for Home, SAFE, throw by RF to home
|
|
Batting: RHB Erik Christensen
|
0-0: Called Strike 0-1: Ball 1-1: Foul Ball, location: 2F 1-2: Foul Ball, location: 2F 1-2: Hit by Pitch Will Washburn to second
|
|
Pinch Runner at 1st Brian Dickeson:
|
|
|
Batting: RHB Nick Richardson
|
0-0: Ball Wild Pitch! Will Washburn to third Brian Dickeson to second 1-0: Ball 2-0: Ball 3-0: Called Strike 3-1: Base on Balls
|
|
Batting: RHB Harvey Harvey
|
0-0: Swinging Strike 0-1: Foul Ball, location: 2F 0-2: Ball 1-2: Ball 2-2: Foul Ball, location: 2F 2-2: Foul Ball, location: 2F 2-2: Fly out, F7 (Flyball, 7LM, EV 83.1 MPH)
|
| Bottom of the 8th over - 1 run, 2 hits, 0 errors, 3 left on base; Omaha 1 - Charlotte 3 |
| TOP OF THE 9TH |
|
Omaha Storm Chasers batting - Pitching for Charlotte Knights : RHP Jon Huizenga
|
|
Pitching: LHP Ryan Daidone
|
|
|
Now in LF: Casey Quinones
|
|
|
Now in RF: Brian Dickeson
|
|
|
Batting: RHB Mikolas Markus
|
0-0: SINGLE (Groundball, 56, EV 98.8 MPH)
|
|
Batting: RHB Eric Sandell
|
0-0: Called Strike 0-1: Ball 1-1: Ball 2-1: Fielders Choice at 2nd, 1-4 (Groundball, P, EV 72.5 MPH)
|
|
Batting: RHB Nick Ogle
|
0-0: Ground out 6-3 (Groundball, P, EV 90.6 MPH) Eric Sandell to second
|
|
Batting: RHB Jaden Warrior
|
0-0: Ball 1-0: Ball 2-0: Foul Ball, location: 2F 2-1: Swinging Strike 2-2: Ground out U3 (Groundball, 34, EV 105.0 MPH)
|
| Top of the 9th over - 0 runs, 1 hit, 0 errors, 1 left on base; Omaha 1 - Charlotte 3 |
|